 Dungeon Crawl Stone Soup version 0.28.0-1-gb440e238dd (webtiles) character file.

Game seed: 9735507980375201148

114 themarg the Vandal (level 4, 0/34 HPs)
             Began as a Gnoll Wanderer on Feb 19, 2022.
             Was an Initiate of Hepliaklqana.
             Slain by a ball python (2 damage)
             ... on level 3 of the Dungeon.
             The game lasted 00:09:40 (2033 turns).

themarg the Vandal (Gnoll Wanderer)                 Turns: 2033, Time: 00:09:40

Health: 0/34       AC:  2    Str:  5 (8)  XL:     4   Next: 97%
Magic:  8/8        EV:  9    Int:  9 (11) God:    Hepliaklqana [......]
Gold:   75         SH:  5    Dex: 16 (17) Spells: 8/9 levels left

rFire   . . .      SeeInvis .   b - +0 short sword
rCold   . . .      Faith    .   c - +0 buckler
rNeg    . . .      Spirit   .   d - +0 robe
rPois   .          Reflect  .   (no helmet)
rElec   .          Harm     .   (no cloak)
rCorr   .          Rampage  .   (no gloves)
Will    .....                   (no boots)
Stlth   ++........              (no amulet)
HPRegen 0.11/turn               (no ring)
MPRegen 0.11/turn               (no ring)

@: constricted
A: fangs 1, strong nose, distributed training
a: Renounce Religion


You were on level 3 of the Dungeon.
You worshipped Hepliaklqana.
Hepliaklqana was noncommittal.
You visited 1 branch of the dungeon, and saw 3 of its levels.

You collected 75 gold pieces.

Inventory:

Hand Weapons
 a - a +2 hunting sling
 b - a +0 short sword (weapon)
Missiles
 e - 95 stones (quivered)
 f - 14 sling bullets
Armour
 c - a +0 buckler (worn)
 d - a +0 robe (worn)
Scrolls
 g - a scroll of immolation {unknown}
 i - a scroll of identify
 j - 2 scrolls of enchant weapon {unknown}
 k - a scroll of blinking
 l - a scroll of amnesia {unknown}


   Skills:
 + Level 2.8 Fighting
 + Level 1.3 Short Blades
 + Level 1.3 Long Blades
 + Level 1.3 Axes
 + Level 1.3 Maces & Flails
 + Level 1.3 Polearms
 + Level 1.3 Staves
 + Level 6.6 Slings
 + Level 1.3 Bows
 + Level 1.3 Crossbows
 + Level 1.3 Throwing
 + Level 2.8 Armour
 + Level 2.8 Dodging
 + Level 1.3 Stealth
 + Level 2.8 Shields
 + Level 1.3 Unarmed Combat
 + Level 3.1 Spellcasting
 + Level 1.0 Conjurations
 + Level 1.0 Hexes
 + Level 1.0 Summonings
 + Level 1.0 Necromancy
 + Level 3.9 Translocations
 + Level 1.0 Transmutations
 + Level 1.0 Fire Magic
 + Level 1.0 Ice Magic
 + Level 1.0 Air Magic
 + Level 1.0 Earth Magic
 + Level 1.0 Poison Magic
 + Level 1.4 Invocations
 + Level 1.3 Evocations


You had 8 spell levels left.
You knew the following spells:

 Your Spells              Type           Power      Damage    Failure   Level
a - Apportation           Tloc           16%        N/A       8%          1

Your spell library contained the following spells:

 Spells                   Type           Power      Damage    Failure   Level
 Gell's Gravitas          Tloc           8%         N/A       24%         3


Dungeon Overview and Level Annotations

Branches:
Dungeon (3/15)

Altars:
Hepliaklqana


Innate Abilities, Weirdness & Mutations

You have very sharp teeth.
Your uncanny sense of smell can sniff out nearby items.
Your experience applies equally to all skills.


Message History

You hit the orc.
The orc is heavily wounded.
The orc hits you with a +0 falchion. You block the orc's attack.
You barely miss the orc.
The orc is heavily wounded.
The orc barely misses you.
You closely miss the orc.
The orc is moderately wounded.
The orc misses you.
You closely miss the orc. You bite the orc, but do no damage.
The orc is moderately wounded.
You block the orc's attack.
The ball python bites you but does no damage.
The ball python grabs you. The ball python constricts you.
You completely miss the orc.
The orc is moderately wounded.
The orc hits you with a +0 falchion. The ball python barely misses you.
The ball python constricts you.
You hit the ball python.
The ball python is moderately wounded.
The orc barely misses you. The ball python bites you.
* * * LOW HITPOINT WARNING * * *
The ball python constricts you.
* * * LOW HITPOINT WARNING * * *
You hit the ball python but do no damage.
The ball python is moderately wounded.
The ball python completely misses you. The ball python constricts you.
* * * LOW HITPOINT WARNING * * *
The orc hits you with a +0 falchion.
* * * LOW HITPOINT WARNING * * *
It was a potion of degeneration.
There was something very wrong with that liquid.
You feel weakened.
You feel dopey.
You feel clumsy. You block the ball python's attack.
The ball python constricts you. You block the orc's attack.
As you read the scroll labelled DIRAMI KU MAEL, it crumbles to dust.
It is a scroll of identify.
k - a scroll of blinking The ball python bites you.
You die...

...(........
+...
...........
#### #...
.......... ....
.... .. #......
..## ...# #.
..... #...
#..##♣. #... P
#..P♣.♣
♣♣#..#+#
♣.PoPS♣♣
♣P♣#§#.#
♣.@.P♣♣♣§§P§..#
.
♣..♣.♣.♣♣.♣#..#
.)
♣♣.♣.P.♣§♣P...#
.
.♣♣.♣..♣...♣.##
♣P
♣..♣.♣P.♣...#
..
♣.♣.♣.♣♣.♣..#
♣.♣
♣♣♣♣♣♣..###.#
.P ♣♣###..#
###..#


You could see an orc and a ball python.

Vanquished Creatures
  An orc priest (D:2)
  3 adders (D:2)
  2 dart slugs
  4 orcs
  4 endoplasms
  5 giant cockroaches
  3 hobgoblins
  2 kobolds (D:1)
  4 quokkas
  3 ball pythons
  7 bats
  7 goblins
  4 rats
49 creatures vanquished.

Vanquished Creatures (others)
  25 plants (D:3)
25 creatures vanquished.

Grand Total: 74 creatures vanquished

Notes
Turn   | Place    | Note
-------+----------+-------------------------------------------
     0 | D:1      | themarg the Gnoll Wanderer began the quest for the Orb.
     0 | D:1      | themarg set off with the following items: a +2 hunting
                  | sling, 17 sling bullets, a +0 buckler, a +0 robe; and the
                  | following spell memorised: Apportation; and the following
                  | spells available to memorise: Gell's Gravitas
     0 | D:1      | Reached XP level 1. HP: 17/17 MP: 4/4
   116 | D:1      | Reached XP level 2. HP: 23/23 MP: 5/5
   709 | D:1      | Found a faded altar of an unknown god.
   907 | D:2      | Reached XP level 3. HP: 28/28 MP: 7/7
  1031 | D:2      | Reached skill level 1 in Invocations
  1124 | D:2      | Reached skill level 1 in Short Blades
  1124 | D:2      | Reached skill level 1 in Long Blades
  1124 | D:2      | Reached skill level 1 in Axes
  1124 | D:2      | Reached skill level 1 in Maces & Flails
  1124 | D:2      | Reached skill level 1 in Polearms
  1124 | D:2      | Reached skill level 1 in Staves
  1124 | D:2      | Reached skill level 1 in Bows
  1124 | D:2      | Reached skill level 1 in Crossbows
  1124 | D:2      | Reached skill level 1 in Throwing
  1124 | D:2      | Reached skill level 1 in Stealth
  1124 | D:2      | Reached skill level 1 in Unarmed Combat
  1124 | D:2      | Reached skill level 1 in Evocations
  1213 | D:2      | Reached XP level 4. HP: 33/34 MP: 8/8
  1344 | D:2      | Reached skill level 1 in Conjurations
  1344 | D:2      | Reached skill level 1 in Hexes
  1344 | D:2      | Reached skill level 1 in Summonings
  1344 | D:2      | Reached skill level 1 in Necromancy
  1344 | D:2      | Reached skill level 1 in Transmutations
  1344 | D:2      | Reached skill level 1 in Fire Magic
  1344 | D:2      | Reached skill level 1 in Ice Magic
  1344 | D:2      | Reached skill level 1 in Air Magic
  1344 | D:2      | Reached skill level 1 in Earth Magic
  1344 | D:2      | Reached skill level 1 in Poison Magic
  1369 | D:2      | Found a hazy altar of Hepliaklqana.
  1377 | D:2      | Became a worshipper of Hepliaklqana the Forgotten
  2033 | D:3      | Slain by a ball python

Illustrated notes

Levels and vault maps discovered:
D:1:      dpeg_arrival_leaves_temple_mockup, layout_basic,
          shapermc_ecumenical_altar_acropolis, chequers_mini_garden
D:2:      layout_rooms, basic_altar, chequers_serial_rivers_small_3,
          serial_bayou_crossing
D:3:      wad_woods_stonehenge, layout_basic, minmay_between

Skill      XL: |  1  2  3  4 |
---------------+-------------+-----
Invocations    | 1 |  1.4
Short Blades   | 1 |  1.3
Long Blades    | 1 |  1.3
Axes           | 1 |  1.3
Maces & Flails | 1 |  1.3
Polearms       | 1 |  1.3
Staves         | 1 |  1.3
Bows           | 1 |  1.3
Crossbows      | 1 |  1.3
Throwing       | 1 |  1.3
Stealth        | 1 |  1.3
Unarmed Combat | 1 |  1.3
Evocations     | 1 |  1.3
Spellcasting   | 3 |  3.1
Conjurations   | 1 |  1.0
Hexes          | 1 |  1.0
Summonings     | 1 |  1.0
Necromancy     | 1 |  1.0
Transmutations | 1 |  1.0
Fire Magic     | 1 |  1.0
Ice Magic      | 1 |  1.0
Air Magic      | 1 |  1.0
Earth Magic    | 1 |  1.0
Poison Magic   | 1 |  1.0
Fighting       | |  2.8
Slings         | |  6.6
Armour         | |  2.8
Dodging        | |  2.8
Shields        | |  2.8
Translocations | |  3.9

Action                   |  1- 3 |  4- 6 || total
-------------------------+-------+-------++-------
Melee: Short sword       |    18 |    23 ||    41
       Bite              |     1 |     2 ||     3
 Fire: Hunting sling     |    63 |    41 ||   104
  Use: Scroll            |       |     1 ||     1
       Potion            |       |     1 ||     1
Armor: Robe              |     2 |     3 ||     5
Dodge: Dodged            |    12 |    15 ||    27
Block: Buckler           |     8 |    10 ||    18
